 Dungeon Crawl Stone Soup version 0.31-a0-1616-gbeaec30b81 (webtiles) character file.

Game seed: 10117093735077473060

84 MisterAzrael the Sneak (level 4, -1/24 HPs)
             Began as a Kobold Enchanter on Jan 11, 2024.
             Shot with a sling bullet by a gnoll (10 damage)
             ... on level 2 of the Dungeon.
             The game lasted 00:02:55 (1452 turns).

MisterAzrael the Sneak (Kobold Enchanter)           Turns: 1452, Time: 00:02:55

Health: -1/24      AC:  2    Str:  7    XL:     4   Next: 74%
Magic:  1/8        EV: 15    Int: 16    God:
Gold:   89         SH:  0    Dex: 15    Spells: 6/8 levels left

rFire   . . .        a - +1 dagger
rCold   . . .        (no shield)
rNeg    . . .        b - +0 robe
rPois   .            (no helmet)
rElec   .            (no cloak)
rCorr   .            (no gloves)
SInv    .            (no boots)
Will    .....        (no amulet)
Stlth   ++++         (no ring)
HPRegen 0.24/turn    (no ring)
MPRegen 0.11/turn

%: no passive effects
@: no status effects
A: small, no large weapons, nightstalker 3
a: no special abilities


You were on level 2 of the Dungeon.
You visited 1 branch of the dungeon, and saw 2 of its levels.

You collected 89 gold pieces.

Inventory:

Hand Weapons
 a - a +1 dagger (weapon)
Armour
 b - a +0 robe (worn)
Jewellery
 h - a ring of positive energy
Scrolls
 d - a scroll of revelation {unknown}
 e - 3 scrolls of amnesia {unknown}
 i - 4 scrolls of identify {unknown}
 j - 4 scrolls of noise {unknown}
 k - a scroll of enchant armour {unknown}
 l - 3 scrolls of fog {unknown}
 n - a scroll of poison {unknown}
Potions
 c - 2 potions of invisibility
 f - a potion of degeneration {unknown}
 g - a potion of lignification {unknown}
 m - a potion of mutation {unknown}


   Skills:
 + Level 2.7 Short Blades
 - Level 2.4 Dodging
 * Level 5.5 Stealth
 + Level 2.8 Spellcasting
 + Level 3.5 Hexes


You had 6 spell levels left.
You knew the following spells:

 Your Spells              Type           Power      Damage    Failure   Level
a - Ensorcelled Hibernat  Hex/Ice        14%        N/A       14%         2

Your spell library contained the following spells:

 Spells                   Type           Power      Damage    Failure   Level
 Jinxbite                 Hex            26%        N/A       7%          2
 Confusing Touch          Hex            13%        N/A       14%         3
 Tukima's Dance           Hex            13%        N/A       14%         3
 Apportation              Tloc           4%         N/A       19%         1
 Dazzling Flash           Conj/Hex       14%        N/A       28%         3
 Alistair's Intoxication  Alch           1%         N/A       99%         5


Dungeon Overview and Level Annotations

Branches:
Dungeon (2/15)

Altars:


Innate Abilities, Weirdness & Mutations

You are small and have problems with some larger weapons.
You are completely attuned to the shadows.


Message History

The helpless kobold fails to defend itself.
You impale the kobold!!
You kill the kobold!
The gnoll attacks as it pursues you! The gnoll misses you.
The gnoll attacks as it pursues you! The gnoll barely misses you.
The gnoll attacks as it pursues you! The gnoll misses you.
You see here 6 javelins.
Casting: Ensorcelled Hibernation (safe; 14% risk of failure)
Confirm with . or Enter, or press ? or * to list all spells.
Aiming: Ensorcelled Hibernation (safe; 14% risk of failure)
Press: ? - help, Shift-Dir - straight line, f - gnoll
Aim: a gnoll, wielding a +0 whip (chance to affect: 50%)
The gnoll resists with some effort.
The gnoll hits you with a +0 whip.
Casting: Ensorcelled Hibernation (safe; 14% risk of failure)
Confirm with . or Enter, or press ? or * to list all spells.
Aiming: Ensorcelled Hibernation (safe; 14% risk of failure)
Press: ? - help, Shift-Dir - straight line, f/p - gnoll
Aim: a gnoll, wielding a +0 whip (chance to affect: 50%)
The gnoll looks drowsy...
The gnoll unwields a +0 sling.
The gnoll wields a +0 flail.
The gnoll misses you.
The helpless gnoll fails to defend itself.
You impale the gnoll!!
You kill the gnoll!
The gnoll unwields a +0 flail.
The gnoll wields a +0 sling.
The gnoll shoots a sling bullet.
The sling bullet misses you.
The gnoll shoots a sling bullet.
The sling bullet completely misses you.
The gnoll shoots a sling bullet.
The sling bullet barely misses you.
The gnoll shoots a sling bullet.
The sling bullet barely misses you.
The gnoll shoots a sling bullet.
The sling bullet hits you!
The gnoll shoots a sling bullet.
The sling bullet barely misses you.
Casting: Ensorcelled Hibernation (safe; 14% risk of failure)
Confirm with . or Enter, or press ? or * to list all spells.
Aiming: Ensorcelled Hibernation (safe; 14% risk of failure)
Press: ? - help, Shift-Dir - straight line, f - gnoll
Aim: a gnoll, wielding a +0 sling (chance to affect: 50%)
The gnoll resists with some effort.
The gnoll shoots a sling bullet.
The sling bullet misses you.
The gnoll shoots a sling bullet.
The sling bullet hits you.
The gnoll shoots a sling bullet.
The sling bullet hits you!
You die...

#.#..##............#..
.....#
##...........###.#######
...#.##.(#.### #.#
##.#.##.)#.# ###.#
##.........# #...#
...#.......# #)###
...#.......# #.#
...#.......# #.####
##.#.......# #..@.#
##.#.<†..g.# ####.#
...#.......# #.#
####.#####.# #.# .#
#.#####.######g#
.###.##.......g...#
)....##.##.########
.##.†......#
.##.##...###


You could see a gnoll.

Vanquished Creatures
  3 gnolls (D:2)
  An adder (D:2)
  2 dart slugs (D:1)
  A ribbon worm (D:2)
  3 ball pythons
  5 endoplasms
  2 giant cockroaches (D:1)
  3 goblins
  3 hobgoblins
  3 jackals (D:2)
  A quokka (D:2)
  4 bats (D:2)
  6 frilled lizards
  A kobold (D:2)
  A rat (D:1)
39 creatures vanquished.

Notes
Turn   | Place    | Note
-------+----------+-------------------------------------------
     0 | D:1      | MisterAzrael the Kobold Enchanter began the quest for the
                  | Orb.
     0 | D:1      | Reached XP level 1. HP: 10/10 MP: 3/3
   165 | D:1      | Reached XP level 2. HP: 15/15 MP: 5/5
   455 | D:1      | Learned a level 2 spell: Ensorcelled Hibernation
   581 | D:1      | Reached XP level 3. HP: 19/19 MP: 6/6
  1102 | D:2      | Reached skill level 5 in Stealth
  1187 | D:2      | Reached XP level 4. HP: 24/24 MP: 2/8
  1452 | D:2      | Shot with a sling bullet by a gnoll

Illustrated notes

Levels and vault maps discovered:
D:1:      lightli_arrival_quake, layout_rooms
D:2:      layout_loops_cross

Skill      XL: |  1  2  3 |
---------------+----------+-----
Short Blades   | 2 |  2.7
Stealth        | 5 |  5.5
Dodging        | |  2.4
Spellcasting   | |  2.8
Hexes          | |  3.5

Action                     |  1- 3 |  4- 6 || total
---------------------------+-------+-------++-------
  Melee: Dagger            |    94 |    24 ||   118
   Cast: Ensorcelled Hiber |    13 |     7 ||    20
   Stab: Sleeping          |    25 |     5 ||    30
 Armour: Robe              |    20 |     5 ||    25
  Dodge: Dodged            |    59 |    24 ||    83

Table legend: (Time is in decaauts)
 A = Elapsed time spent in this place.
 B = Non-inter-level travel time spent in this place.
 C = Inter-level travel time spent in this place.
 D = Time resting spent in this place.
 E = Time spent auto-exploring this place.
 F = Levels seen in this place.
 G = Mean time per level.
                   A        B        C        D        E       F      G
               +--------+--------+--------+--------+--------+-----+--------+
         Total |   1438 |   1438 |      0 |    333 |    760 |   2 |  719.0 |
       Dungeon |   1438 |   1438 |      0 |    333 |    760 |   2 |  719.0 |
               +--------+--------+--------+--------+--------+-----+--------+

Top non-repeatable levels by time:
     D:2: 844 daAuts
     D:1: 594 daAuts
